AoeStats
← willrhyd

Arena

508074730Analyzed
4v4 RM · 12d ago on Sep 20, 2026· 46m 41s· 8 players
Game mode
Random Map
Map size
Large (8 player)
Population
200
Speed
Normal
Resources
Standard
Victory
Conquest
Starting age
Dark Age
Ending age
Imperial Age
RankedLock teamsTeams togetherTeam positionsShared explorationLock speedFull tech treeHidden civsTurbo modeCheats
Victory
Defeat
🇦🇷 Mongols · Argentina
1425
+15
🇸🇪 Italians · Sweden
1384
+16
🇸🇪 Franks · Sweden
1368
+17
🇦🇷 Spanish · Argentina
1339
+18
🇹🇷 Koreans · Türkiye
1469
-19
🇧🇷 Armenians · Brazil
1424
-18
🇬🇧 Persians · United Kingdom
1385
-16
🇹🇷 Malians · Türkiye
1298
-13
Ramci
12:28 Feudal Age
16:29 Castle Age
14:15 Double-Bit Axe
14:12 Horse Collar
17:49 Bow Saw
24:40 Fletching
24:37 Loom
30:12 Wheelbarrow
29:27 Pikeman
31:01 Elite Skirmisher
33:22 Bodkin Arrow
34:12 Padded Archer Armor
34:49 Gold Mining
34:50 Stone Mining
36:25 Squires
38:57 Imperial Age
36:45 Hand Cart
36:54 Ballistics
37:34 Scale Barding Armor
37:40 Forging
38:27 Husbandry
38:38 Bloodlines
39:08 Chain Barding Armor
39:24 Iron Casting
39:30 Stone Shaft Mining
39:31 Gold Shaft Mining
38:58 Heavy Plow
39:01 Cavalier
39:04 Heavy Camel Rider
41:10 Crop Rotation
41:11 Treadmill Crane
42:21 Plate Barding Armor
42:21 Scale Mail Armor
42:34 Farimba
44:32 Chain Mail Armor
44:45 Cavalier
willrhyd
11:04 Feudal Age
15:14 Castle Age
13:20 Horse Collar
14:04 Double-Bit Axe
16:04 Loom
16:51 Bow Saw
23:17 Wheelbarrow
23:39 Gambesons
24:01 Heavy Plow
23:32 Man-at-Arms
28:58 Imperial Age
26:19 Pikeman
27:12 Bloodlines
27:02 Husbandry
27:18 Scale Barding Armor
27:23 Forging
28:40 Cavalier
29:41 Chain Barding Armor
29:56 Iron Casting
29:39 Hand Cart
32:51 Blast Furnace
32:27 Plate Barding Armor
33:11 Chemistry
32:08 Gold Mining
34:28 Savar
36:33 Conscription
DaTuRa
10:47 Feudal Age
14:50 Castle Age
13:07 Double-Bit Axe
13:11 Horse Collar
24:47 Imperial Age
22:48 Bow Saw
24:23 Gold Mining
24:26 Stone Mining
24:37 Heavy Plow
27:05 Chemistry
26:26 Ballistics
27:13 Fletching
28:19 Conscription
29:05 Loom
28:54 Crossbowman
29:31 Bodkin Arrow
30:32 Thumb Ring
32:05 Arbalester
35:07 Bracer
37:44 Masonry
37:46 Siege Engineers
naYummuYan
6:51 Loom
9:12 Feudal Age
9:16 Man-at-Arms
10:08 Arson
11:05 Long Swordsman
It'sFriday
11:09 Feudal Age
16:05 Castle Age
14:48 Gold Mining
14:49 Double-Bit Axe
17:32 Loom
21:01 Husbandry
22:16 Wheelbarrow
21:28 Loom
22:40 Forging
25:01 Hand Cart
28:59 Scale Barding Armor
30:54 Town Watch
32:16 Bow Saw
35:03 Imperial Age
33:51 Gold Shaft Mining
33:07 Stone Mining
34:52 Masonry
35:36 Cavalier
35:38 Light Cavalry
36:59 Iron Casting
37:17 Chain Barding Armor
37:29 Conscription
38:52 Blast Furnace
38:24 Architecture
39:31 Plate Barding Armor
39:44 Paladin
41:37 Fletching
47:19 Hoardings
Mowgli
9:08 Loom
10:54 Feudal Age
15:31 Castle Age
13:41 Stone Mining
14:39 Gold Mining
14:45 Fletching
21:59 Bodkin Arrow
27:32 Imperial Age
25:08 Double-Bit Axe
26:10 Bow Saw
29:46 Chemistry
29:43 Bracer
29:43 Padded Archer Armor
32:07 Two-Man Saw
31:19 Padded Archer Armor
31:33 Elite Skirmisher
33:05 Stone Shaft Mining
33:25 Wheelbarrow
34:41 Leather Archer Armor
36:15 Ring Archer Armor
39:58 Thumb Ring
41:08 Ballistics
41:50 Conscription
42:32 Elite Genoese Crossbowman
44:03 Hoardings
45:38 Masonry
Agux
10:41 Feudal Age
11:58 Loom
15:07 Fletching
15:49 Padded Archer Armor
19:59 Double-Bit Axe
24:37 Castle Age
22:38 Horse Collar
23:43 Stone Mining
25:16 Wheelbarrow
25:51 Bow Saw
25:37 Gold Mining
26:12 Leather Archer Armor
25:55 Bodkin Arrow
26:58 Heavy Plow
31:45 Imperial Age
29:15 Bodkin Arrow
29:18 Town Watch
30:41 Hand Cart
31:37 Bloodlines
31:28 Husbandry
33:20 Ring Archer Armor
35:05 Chemistry
34:19 Elite Conquistador
35:29 Bracer
35:51 Ballistics
35:54 Murder Holes
38:57 Two-Man Saw
38:45 Conscription
38:54 Pikeman
39:20 Gambesons
39:35 Squires
39:21 Arson
39:40 Scale Mail Armor
41:12 Halberdier
42:10 Chain Mail Armor
42:44 Forging
44:10 Plate Mail Armor
44:18 Iron Casting
46:30 Blast Furnace
Ministro ChocoArroz
10:47 Feudal Age
14:49 Castle Age
12:55 Double-Bit Axe
13:05 Horse Collar
15:48 Bow Saw
16:48 Loom
21:32 Heavy Plow
23:04 Wheelbarrow
22:50 Stone Mining
23:07 Gold Mining
24:39 Hand Cart
27:42 Gold Shaft Mining
27:45 Stone Shaft Mining
31:10 Imperial Age
29:04 Bloodlines
28:55 Husbandry
29:40 Ballistics
29:56 Fletching
30:35 Padded Archer Armor
30:32 Bodkin Arrow
31:52 Bracer
32:59 Chemistry
31:51 Elite Mangudai
32:10 Heavy Camel Rider
33:08 Forging
33:04 Scale Barding Armor
36:55 Conscription
38:35 Leather Archer Armor
38:56 Iron Casting
38:42 Chain Barding Armor
41:07 Blast Furnace
40:22 Masonry
40:38 Light Cavalry
42:03 Thumb Ring
42:24 Parthian Tactics
47:13 Siege Engineers
Connection lost

Rejoining the realm…

Still unreachable

The connection could not be restored.

Session expired

The server has moved on; the page needs a fresh start.